 Dungeon Crawl Stone Soup version 0.17-a0-1804-gf6433eb (webtiles) character file.

715 shakdrar the Shield-Bearer (level 7, -1/61 HPs)
             Began as a Deep Dwarf Fighter on Sept 11, 2015.
             Was an Initiate of Okawaru.
             Slain by an ogre
             ... wielding a +0 giant spiked club
              (12 damage)
             ... on level 4 of the Dungeon.
             The game lasted 00:17:11 (4231 turns).

shakdrar the Shield-Bearer (Deep Dwarf Fighter)     Turns: 4231, Time: 00:17:11

Health: -1/61      AC:  9    Str: 22    XL:     7   Next: 41%
Magic:  7/7        EV:  8    Int:  8    God:    Okawaru [......]
Gold:   228        SH: 11    Dex: 12    Spells: 0 memorised, 6 levels left

rFire  . . .     SeeInvis .     a - +0 war axe
rCold  . . .     Clarity  .     b - +0 scale mail
rNeg   . . .     SustAt   .     c - +0 shield
rPois  .         Gourm    .     (no helmet)
rElec  .         Spirit   .     (no cloak)
rCorr  .         Warding  .     k - +0 pair of gloves
rMut   .         Rnd*Tele +     (no boots)
MR     +....                    (no amulet)
Stlth  ..........               (no ring)
                                g - ring of teleportation

@: non-regenerating, somewhat resistant to hostile enchantments, extremely
unstealthy
A: damage resistance, recharge devices, sense surroundings 1, slow healing 3
a: Device Recharging, Renounce Religion, Evoke Teleportation


You were on level 4 of the Dungeon.
You worshipped Okawaru.
Okawaru was noncommittal.
You were not hungry.

You visited 2 branches of the dungeon, and saw 5 of its levels.
You also visited: Sewer.

You collected 228 gold pieces.

Inventory:

Hand weapons
 a - a +0 war axe (weapon)
Armour
 b - a +0 scale mail (worn)
 c - a +0 shield (worn)
 k - a +0 pair of gloves (worn)
Jewellery
 g - a ring of teleportation (left hand)
Magical devices
 e - a wand of heal wounds (4)
 n - a wand of flame (26)
 r - a wand of enslavement (15)
Scrolls
 j - 2 scrolls of remove curse
 l - 7 scrolls of identify
 o - 3 scrolls of teleportation
 p - a scroll of amnesia
 s - a scroll of fog
Potions
 d - 5 potions of might
 i - 2 potions of agility
 m - 3 potions of flight
 q - a potion of ambrosia {unknown}
 u - a potion of cancellation
Comestibles
 f - a bread ration
 h - a meat ration
 t - 2 beef jerkies


   Skills:
 - Level 2.6 Fighting
 - Level 2.1 Axes
 + Level 7.0 Armour
 + Level 7.3 Shields


You had 6 spell levels left.
You didn't know any spells.

Dungeon Overview and Level Annotations

Branches:
Dungeon (4/15)             Temple (1/1) D:4

Altars:
Ashenzari
Cheibriados
Dithmenos
Elyvilon
Gozag
Kikubaaqudgha
Nemelex Xobeh
Okawaru
Qazlal
Ru
Trog
Vehumet
Xom
Yredelemnul
The Shining One


Innate Abilities, Weirdness & Mutations

You are resistant to damage.
You can recharge devices by infusing magical energy.
You passively map a small area around you.
You do not heal naturally.


Message History

The ogre barely misses you.
You hit the ogre.
The ogre is heavily wounded.
You block the ogre's attack.
You slash the ogre!
The ogre is severely wounded.
You block the ogre's attack.
You closely miss the ogre.
The ogre is severely wounded.
The ogre hits you but does no damage.
Your shield prevents you from hitting the ogre.
The ogre is severely wounded.
You block the ogre's attack.
You hit the ogre.
The ogre is almost dead.
You block the ogre's attack.
You completely miss the ogre.
The ogre is almost dead.
The ogre hits you with a giant spiked club!
You die...

....#....#
#..##
#.#..#...#
#.##
[...##...#
#.##
....##...#
#..#
._.......#
##.#
.........#
#.#
.....#...#
#.#
#'####...#
#.#
...#.#...#
#@#
........##
#O#
........#
#.#
.......##
#.#
.......#
#.#
.......#
#.#
..######
#.# ..#
#.# ..#


You could see an ogre.

Vanquished Creatures
  Eustachio (D:4)
  Edmund (D:4)
  Blork the orc (D:4)
  A crimson imp (D:4)
  Jessica (D:2)
  A hound (D:4)
  A centaur skeleton (D:4)
  3 worker ants (D:4)
  Natasha (twice) (D:2)
  4 adders
  5 oozes (Sewer)
  6 worms
  4 giant geckos
  5 orcs
  4 ball pythons
  2 gnoll zombies (D:2)
  12 hobgoblins
  A quokka (D:4)
  13 bats
  8 giant cockroaches
  7 giant newts
  5 goblins
  A goblin skeleton (D:4)
  A goblin zombie (D:4)
  7 hobgoblin zombies (D:4)
  9 jackals
  7 kobolds
  A kobold skeleton (D:4)
  A kobold zombie (D:4)
  An orc skeleton (D:4)
  An orc zombie (D:4)
  A quokka skeleton (D:4)
  6 rats
124 creatures vanquished.

Notes
Turn   | Place    | Note
--------------------------------------------------------------
     0 | D:1      | shakdrar the Deep Dwarf Fighter began the quest for the Orb.
     0 | D:1      | Reached XP level 1. HP: 20/20 MP: 1/1
   373 | D:1      | Reached XP level 2. HP: 27/27 MP: 2/2
   644 | D:1      | Reached skill level 4 in Shields
  1052 | D:2      | Found an opulent altar of Gozag.
  1121 | D:2      | Reached XP level 3. HP: 23/33 MP: 3/3
  1446 | D:2      | Found a white marble altar of Elyvilon.
  1744 | D:2      | Noticed Natasha
  1756 | D:2      | Killed Natasha
  1756 | D:2      | Reached XP level 4. HP: 27/40 MP: 4/4
  1771 | D:2      | Noticed Natasha
  1780 | D:2      | Killed Natasha
  1936 | D:2      | Found a basalt altar of Yredelemnul.
  1991 | D:2      | Noticed Jessica
  1997 | D:2      | Killed Jessica
  1997 | D:2      | Reached skill level 5 in Shields
  2102 | D:3      | Found a stormy altar of Qazlal.
  2136 | D:3      | Reached XP level 5. HP: 42/46 MP: 5/5
  2362 | D:3      | Found a glowing drain.
  2370 | Sewer    | Entered a sewer
  2375 | Sewer    | Reached skill level 5 in Armour
  3365 | D:4      | Reached XP level 6. HP: 44/55 MP: 6/6
  3377 | D:4      | Reached skill level 6 in Shields
  3392 | D:4      | Noticed Blork the orc
  3405 | D:4      | Killed Blork the orc
  3433 | D:4      | Noticed Edmund
  3467 | D:4      | Killed Edmund
  3507 | D:4      | Noticed Eustachio
  3524 | D:4      | Killed Eustachio
  3524 | D:4      | Reached skill level 7 in Shields
  3524 | D:4      | Reached XP level 7. HP: 39/61 MP: 7/7
  3680 | D:4      | Found a staircase to the Ecumenical Temple.
  3689 | Temple   | Entered the Ecumenical Temple
  3693 | Temple   | Became a worshipper of Warmaster Okawaru
  4125 | D:4      | Found a glowing golden altar of the Shining One.
  4220 | D:4      | Noticed an ogre
  4231 | D:4      | Slain by an ogre

Vault maps used:
D:1:      elethiomel_arrival_infinity_welcomes_careful_drivers
D:2:      lemuel_zombie_altar_yredelemnul, elyvilon_altar_5,
          nicolae_gozag_seed_capital, uniq_natasha, uniq_jessica
D:3:      nicolae_qazlal_general_emergency, lightli_sewer_entry_pipes,
          roderic_bipointed_swastika
D:4:      nicolae_tso_besieged_by_evil, minmay_temple_entry_trees, first_bread,
          kennysheep_doodads, uniq_blork_the_orc, uniq_eustachio, uniq_edmund
Temple:   triangle_lava_temple_11
Sewer:    sewer_fruit_machine

Action                   |  1- 3 |  4- 6 |  7- 9 || total
-------------------------+-------+-------+-------++-------
Melee: War axe           |   173 |   227 |    54 ||   454
Evoke: Wand              |     1 |     6 |     1 ||     8
  Use: Scroll            |     9 |       |     1 ||    10
       Potion            |     3 |     2 |       ||     5
  Eat: Pizza             |     2 |       |       ||     2
       Chunk             |       |     2 |       ||     2
       Meat ration       |       |     1 |     1 ||     2
